Map: Eastwatch LE

Players

Infamous

  • Race: Protoss Protoss
  • League: Silver
  • Spawn Location: 1:00

aLittleSniff - Winner!

  • Race: Protoss Protoss
  • League: Gold
  • Spawn Location: 7:00

VOD

Have the link to the VOD?

Description

Time

  • Played on: March 22, 2018, 12:54 p.m.
  • Length: 13:22
Show
View Real Time Build Order
Export as new Build Order

Infamous Protoss 

Build Orders:  

Get SALT Encoding   

  12  0:01  Probe  
  13  0:13  Probe  
  14  0:20  Pylon  
  14  0:25  Probe  
  15  0:38  Gateway  
  15  0:40  Probe (Chrono Boost)  
  17  0:50  Probe (Chrono Boost)  
  17  0:55  Probe (Chrono Boost)  
  17  0:58  Assimilator  
  18  1:08  Probe  
  19  1:18  Pylon  
  19  1:29  Cybernetics Core, Assimilator  
  19  1:36  Assimilator  
  19  1:43  Gateway  
  19  1:50  Zealot  
  21  2:01  Warp Gate (Chrono Boost)  
  21  2:14  Pylon  
  21  2:15  Gateway  
  21  2:26  Probe  
  22  2:42  Probe  
  23  2:55  Pylon  
  23  3:00  Assimilator  
  23  3:01  Robotics Facility  
  23  3:19  Probe  
  24  3:38  Probe  
  25  3:54  Stargate  
  25  3:57  Nexus  
  25  4:00  Pylon  
  25  4:02  Stalker  
  27  4:03  Sentry  
  27  4:05  Zealot  
  31  4:14  Probe  
  31  4:16  Observer (Chrono Boost)  
  33  4:26  Shield Battery  
  33  4:29  Probe  
  33  4:30  Pylon  
  34  4:43  Probe  
  35  4:50  Immortal  
  39  4:56  Probe  
  40  5:16  Gateway  
  40  5:25  Gateway  
  40  5:26  Gateway  
  39  5:32  Probe (Chrono Boost)  
  39  5:34  Probe (Chrono Boost)  
  41  5:41  Warp Prism  
  45  5:42  Probe (Chrono Boost)  
  45  5:43  Probe (Chrono Boost)  
  45  5:47  Probe (Chrono Boost)  
  45  5:48  Probe (Chrono Boost)  
  47  5:59  Void Ray  
  51  6:10  Assimilator  
  51  6:23  Immortal (Chrono Boost), Pylon, Probe x2  
  57  6:26  Pylon  
  57  6:37  Robotics Bay  
  57  6:43  Stalker x2  
  57  6:47  Sentry x2  
  65  7:00  Sentry  
  67  7:02  Zealot  
  69  7:22  Twilight Council  
  67  7:33  Immortal (Chrono Boost)  
  71  7:49  Forge  
  71  7:58  Probe x2  
  73  8:01  Nexus  
  73  8:02  Stalker x3  
  73  8:04  Pylon, Zealot  
  81  8:06  Pylon  
  81  8:09  Pylon  
  81  8:15  Assimilator  
  81  8:23  Disruptor (Chrono Boost)  
  84  9:01  Void Ray  
  88  9:03  Disruptor  
  88  9:06  Probe x2  
  93  9:12  Forge  
  93  9:18  Photon Cannon  
  93  9:19  Probe (Chrono Boost)  
  93  9:21  Photon Cannon  
  93  9:22  Photon Cannon  
  94  9:25  Photon Cannon  
  94  9:27  Photon Cannon  
  94  9:28  Photon Cannon  
  95  9:32  Probe (Chrono Boost)  
  95  9:33  Photon Cannon  
  58  10:15  Stalker x4  
  58  10:16  Stalker x2  
  60  10:26  Void Ray  
  64  10:40  Assimilator  
  64  10:41  Probe  
  64  10:42  Stargate  
  65  10:43  Assimilator  
  65  10:53  Probe  
  65  10:56  Pylon  
  66  11:02  Templar Archives  
  45  11:38  Stalker x3  
  50  11:40  Void Ray x2 (Chrono Boost)  
  50  11:45  Probe x2  
  51  11:55  Gateway  
  45  12:03  Stargate  
  45  12:06  Stalker x2  
  48  12:13  High Templar  
  50  12:25  Void Ray x2 (Chrono Boost)  
  50  12:29  High Templar  
  60  12:34  Archon  
Show
View Real Time Build Order
Export as new Build Order

aLittleSniff Protoss - Winner!

Build Orders: Nexus First 

Get SALT Encoding   

  12  0:00  Probe  
  13  0:13  Probe  
  14  0:19  Pylon  
  14  0:26  Probe  
  15  0:55  Nexus  
  15  1:14  Assimilator  
  15  1:20  Forge  
  15  1:28  Gateway  
  15  1:35  Probe (Chrono Boost)  
  16  1:45  Probe (Chrono Boost)  
  17  1:48  Pylon  
  17  1:59  Pylon  
  17  2:15  Photon Cannon  
  17  2:21  Pylon  
  17  2:22  Probe (Chrono Boost)  
  17  2:33  Photon Cannon  
  17  2:45  Photon Cannon  
  17  2:55  Photon Cannon  
  17  3:02  Probe (Chrono Boost)  
  17  3:04  Probe (Chrono Boost)  
  19  3:11  Pylon  
  19  3:18  Photon Cannon  
  19  3:24  Pylon  
  19  3:27  Probe  
  19  3:30  Probe  
  21  3:41  Cybernetics Core  
  21  3:49  Photon Cannon  
  21  3:55  Probe (Chrono Boost)  
  23  3:56  Probe (Chrono Boost)  
  23  4:03  Photon Cannon  
  23  4:08  Probe (Chrono Boost)  
  23  4:09  Probe (Chrono Boost)  
  25  4:13  Assimilator  
  25  4:20  Assimilator  
  25  4:22  Probe  
  25  4:23  Probe  
  27  4:25  Assimilator  
  27  4:33  Photon Cannon  
  27  4:35  Probe (Chrono Boost)  
  27  4:36  Probe (Chrono Boost)  
  29  4:47  Probe (Chrono Boost)  
  29  4:48  Probe (Chrono Boost)  
  31  4:54  Photon Cannon  
  31  4:55  Pylon  
  31  5:02  Assimilator  
  31  5:08  Probe x2, Photon Cannon  
  33  5:15  Shield Battery  
  33  5:19  Shield Battery  
  33  5:20  Shield Battery  
  33  5:23  Stargate  
  33  5:25  Probe (Chrono Boost)  
  33  5:27  Probe (Chrono Boost)  
  35  5:44  Stargate  
  35  5:47  Probe x2  
  37  5:54  Photon Cannon  
  37  5:57  Photon Cannon  
  37  6:00  Probe, Photon Cannon  
  37  6:01  Probe  
  39  6:14  Fleet Beacon  
  39  6:23  Probe  
  39  6:24  Stargate  
  39  6:25  Probe  
  41  6:32  Pylon  
  41  6:39  Probe x2  
  43  6:57  Carrier x2 (Chrono Boost)  
  55  7:16  Pylon  
  55  7:17  Pylon  
  55  7:22  Photon Cannon  
  55  7:27  Photon Cannon  
  55  7:29  Photon Cannon  
  55  7:30  Photon Cannon  
  55  7:32  Shield Battery  
  55  7:33  Shield Battery  
  54  7:39  Carrier (Chrono Boost)  
  60  7:55  Pylon  
  60  7:57  Photon Cannon  
  60  8:02  Shield Battery  
  60  8:03  Shield Battery  
  60  8:16  Pylon  
  60  8:19  Photon Cannon  
  60  8:21  Photon Cannon  
  72  8:35  Carrier (Chrono Boost), Graviton Catapult (Chrono Boost)  
  72  8:40  Carrier (Chrono Boost)  
  72  8:55  Carrier (Chrono Boost)  
  78  9:26  Nexus  
  78  9:42  Pylon  
  78  9:52  Protoss Air Weapons Level 1 (Chrono Boost)  
  77  9:53  Carrier  
  77  9:58  Carrier  
  89  10:36  Nexus  
  89  10:38  Pylon x2  
  89  10:48  Nexus  
  89  10:49  Pylon  
  89  10:52  Pylon  
  89  10:53  Carrier (Chrono Boost)  
  89  10:55  Pylon  
  95  10:59  Pylon  
  95  11:21  Carrier (Chrono Boost)  
  95  11:46  Carrier (Chrono Boost)  
  102  11:54  Probe (Chrono Boost)  
  102  11:55  Probe (Chrono Boost)  
  102  11:59  Probe (Chrono Boost)  
  104  12:06  Probe (Chrono Boost)  
  107  12:37  Probe x4  
  107  12:42  Stargate  
  107  12:43  Stargate  
  109  12:45  Stargate  
Tags
 
Matchup
PvP
Replay Pack
Last Remnant (2)
Spawn Locations
Cross Positions
Add a new tag
Caveats
  • Supply blocks, unpowered buildings, or Contaminate may cause inaccurate times.
  • Supply counts are checked every 10 seconds.